Map: Apotheosis LE

Players

uThermal

  • Race: Terran Terran

Neeb - Winner!

  • Race: Protoss Protoss

Event: 2016 WCS Summer Circuit Championship (DH Montreal)

VOD

https://www.youtube.com/watch?v=kKq0BP5L6os

Description

Time

  • Played on: Aug. 13, 2016, 2:25 p.m.
  • Length: 14:10

All games in this series

Show
View Real Time Build Order
Export as new Build Order

uThermal Terran 

Build Orders: Reaper Expand, MMM Bio 

Get SALT Encoding   

  12  0:01  SCV  
  13  0:14  SCV  
  14  0:17  Supply Depot  
  14  0:26  SCV  
  15  0:38  SCV  
  15  0:40  Barracks  
  16  0:44  Refinery  
  16  0:51  SCV  
  17  1:03  SCV  
  18  1:15  SCV  
  19  1:27  Reaper, Orbital Command  
  20  1:42  Command Center  
  20  1:53  SCV  
  21  1:59  Barracks Reactor  
  21  2:01  Supply Depot  
  21  2:05  SCV  
  22  2:17  SCV  
  23  2:25  Command Center  
  23  2:29  SCV  
  24  2:36  Marine x2  
  26  2:41  SCV  
  26  2:42  Barracks  
  27  2:50  Barracks  
  27  2:53  SCV  
  27  2:59  Orbital Command  
  27  3:03  Marine  
  28  3:06  Marine  
  28  3:08  SCV  
  30  3:17  Bunker  
  30  3:20  SCV  
  30  3:21  Marine  
  30  3:23  Marine  
  30  3:25  SCV  
  34  3:29  Barracks Tech Lab  
  34  3:32  SCV  
  35  3:38  Orbital Command, SCV  
  35  3:39  Marine  
  37  3:42  Marine  
  38  3:51  SCV x2  
  39  3:56  Barracks Tech Lab, Stimpack  
  39  3:57  Marine x2  
  39  3:59  Marine  
  39  4:01  Refinery  
  42  4:03  SCV x2  
  42  4:06  SCV  
  45  4:10  Factory  
  45  4:15  Refinery, SCV  
  45  4:16  Marine  
  47  4:17  Marine, Refinery  
  47  4:18  SCV  
  47  4:20  SCV  
  47  4:23  Marine  
  49  4:27  Marine, SCV  
  48  4:33  SCV  
  48  4:34  Marine, SCV  
  48  4:36  Marine  
  50  4:39  SCV  
  51  4:45  SCV  
  51  4:46  Marine x2, SCV  
  51  4:50  Supply Depot  
  55  4:55  Factory Reactor, Starport  
  55  4:56  SCV  
  55  4:58  SCV  
  57  5:00  Marine x2  
  57  5:06  SCV  
  58  5:12  Engineering Bay, SCV x2  
  58  5:13  Supply Depot  
  60  5:14  Combat Shields  
  60  5:18  SCV  
  60  5:24  SCV x2  
  60  5:25  Marine, Marauder  
  62  5:36  SCV x2  
  62  5:38  Medivac x2  
  62  5:39  Marauder  
  62  5:42  Orbital Command  
  70  5:45  Supply Depot  
  70  5:47  Missile Turret, Marauder  
  70  5:49  Missile Turret, Factory Reactor  
  72  5:50  SCV  
  73  5:57  Barracks  
  73  5:59  Barracks, SCV  
  73  6:00  Marine  
  73  6:02  SCV  
  74  6:11  Marine x2, SCV x2  
  74  6:12  Marauder  
  74  6:14  Medivac  
  74  6:15  Medivac  
  83  6:24  Supply Depot, SCV  
  84  6:28  Terran Infantry Weapons Level 1  
  84  6:29  Missile Turret  
  84  6:33  Marine  
  84  6:35  Supply Depot  
  84  6:39  Liberator  
  85  6:45  Marine, SCV x2  
  85  6:46  Supply Depot, Marauder x2  
  92  6:50  Marine  
  93  6:56  Barracks Tech Lab, Barracks Reactor  
  93  6:57  Widow Mine x2, SCV  
  101  7:05  Supply Depot  
  101  7:06  Bunker  
  101  7:07  Refinery, SCV x2  
  101  7:08  Marine x2, Marauder  
  107  7:09  Liberator, SCV  
  108  7:15  Supply Depot  
  108  7:16  Supply Depot  
  108  7:26  Widow Mine, SCV  
  108  7:28  Liberator, Barracks x2  
  114  7:31  Supply Depot, Marine x2  
  114  7:32  Widow Mine  
  118  7:39  Supply Depot, Marine  
  118  7:41  Marauder  
  121  7:49  Marine  
  125  7:52  SCV  
  125  7:53  Marine  
  125  7:54  Marauder  
  125  7:56  Widow Mine  
  125  7:58  Marine  
  132  8:00  Liberator  
  132  8:01  Widow Mine, Marine  
  132  8:02  Marine  
  136  8:11  Liberator  
  119  8:22  Terran Infantry Armor Level 1  
  119  8:23  Marine, Marauder  
  119  8:24  Marine  
  119  8:26  Widow Mine  
  114  8:30  Widow Mine  
  111  8:34  Marine  
  111  8:35  Marauder  
  111  8:37  Marine  
  111  8:38  Marauder  
  108  8:45  Marine, Marauder  
  108  8:46  Marine  
  105  8:50  Liberator, Marine  
  105  8:51  Marine  
  105  8:52  SCV  
  105  8:54  SCV  
  105  8:55  Widow Mine  
  106  8:56  Marauder  
  106  8:57  SCV  
  106  8:58  Widow Mine  
  106  8:59  Marine, Marauder  
  106  9:01  Marine  
  116  9:04  SCV  
  116  9:14  Marine, Marauder  
  116  9:16  Marine  
  116  9:17  Marine  
  115  9:18  Marauder  
  115  9:23  Widow Mine  
  114  9:29  Widow Mine  
  109  9:32  Marine, Marauder  
  109  9:33  Marine  
  109  9:34  Marine  
  109  9:35  SCV x2  
  109  9:36  Marine x3, Marauder  
  114  9:39  Marauder  
  114  9:40  SCV  
  109  9:50  Marine  
  109  9:51  Marine  
  109  9:52  Widow Mine, Marine  
  106  9:53  Marine x2  
  106  9:54  Marine x2  
  106  9:57  Marauder  
  108  10:00  Marauder  
  105  10:08  Marine  
  105  10:09  Marine  
  105  10:12  SCV x2, Marauder  
  108  10:16  SCV  
  108  10:20  Marine  
  108  10:21  Marauder  
  112  10:25  Marine x2  
  112  10:26  Marauder  
  112  10:27  Medivac  
  118  10:29  Marine, SCV  
  118  10:33  Marauder  
  122  10:38  Marine x2  
  122  10:39  Widow Mine x2  
  122  10:42  Marauder  
  130  10:45  Supply Depot, SCV  
  130  10:46  Supply Depot, SCV x2  
  130  10:47  Marine, Marauder  
  127  10:50  Liberator  
  127  10:51  Marine x2  
  129  10:57  SCV, Marine, Marauder  
  129  10:58  SCV x2  
  129  11:04  Liberator  
  134  11:09  SCV  
  134  11:10  SCV x2  
  136  11:12  Marine x2  
  136  11:13  Marauder  
  138  11:22  Marine  
  138  11:23  Widow Mine  
  122  11:28  Widow Mine  
  122  11:29  Marine  
  107  11:36  Bunker  
  107  11:38  Supply Depot x2  
  107  11:39  Marine  
  105  11:41  Marine x2  
  107  11:49  Marine x2  
  107  11:50  Marauder  
  107  11:52  Widow Mine  
  113  11:54  Liberator  
  113  11:56  Widow Mine, Marine  
  113  11:59  Liberator  
  116  12:02  Marine x2, Marauder  
  116  12:06  Marine  
  124  12:18  Orbital Command  
  126  12:28  Marine x2, Marauder  
  126  12:29  Marine  
  126  12:33  Widow Mine  
  123  12:38  Widow Mine  
  119  12:44  Marine  
  119  12:45  Marine, Marauder  
  119  12:49  Marine  
  116  12:52  Marine  
  116  12:54  Marine  
  116  12:55  Marine  
  118  13:01  Widow Mine  
  118  13:02  Marine  
  118  13:03  Marauder  
  107  13:12  Marine  
  106  13:16  Widow Mine  
  106  13:19  Marine  
  109  13:22  Marine  
  109  13:24  Medivac x2  
  111  13:31  Marine  
  112  13:37  Marine x2  
  110  13:43  Marine x2  
  110  13:45  SCV  
  112  13:49  SCV  
  112  13:51  Marine x3  
  112  13:53  Refinery, SCV  
  112  13:54  Refinery  
  115  13:57  SCV  
Show
View Real Time Build Order
Export as new Build Order

Neeb Protoss - Winner!

Build Orders: 1 Gate Expand, Oracle Opening 

Get SALT Encoding   

  12  0:00  Probe (Chrono Boost)  
  13  0:11  Probe (Chrono Boost)  
  14  0:18  Pylon  
  14  0:21  Probe (Chrono Boost)  
  15  0:36  Probe (Chrono Boost), Gateway  
  16  0:47  Probe (Chrono Boost)  
  16  0:48  Assimilator  
  17  0:57  Probe (Chrono Boost)  
  18  1:08  Probe (Chrono Boost)  
  19  1:20  Nexus  
  19  1:23  Probe (Chrono Boost)  
  20  1:34  Probe (Chrono Boost)  
  20  1:37  Cybernetics Core  
  21  1:44  Assimilator  
  21  1:45  Probe (Chrono Boost)  
  22  1:51  Pylon  
  22  1:55  Probe (Chrono Boost)  
  23  2:09  Adept  
  23  2:10  Probe (Chrono Boost)  
  23  2:13  Warp Gate  
  26  2:22  Probe (Chrono Boost)  
  27  2:32  Probe (Chrono Boost)  
  27  2:33  Adept  
  27  2:34  Probe (Chrono Boost), Stargate  
  29  2:43  Probe (Chrono Boost)  
  32  2:46  Probe (Chrono Boost)  
  33  2:53  Probe (Chrono Boost)  
  35  2:59  Probe (Chrono Boost), Adept  
  35  3:04  Probe (Chrono Boost)  
  38  3:09  Probe (Chrono Boost)  
  39  3:13  Oracle  
  39  3:15  Probe (Chrono Boost), Pylon  
  39  3:19  Pylon  
  44  3:20  Probe (Chrono Boost)  
  45  3:27  Probe (Chrono Boost)  
  45  3:30  Probe (Chrono Boost)  
  46  3:39  Probe (Chrono Boost), Nexus  
  47  3:41  Probe (Chrono Boost)  
  47  3:44  Oracle  
  48  3:52  Probe x2 (Chrono Boost)  
  53  4:00  Pylon  
  55  4:03  Probe (Chrono Boost)  
  55  4:04  Probe (Chrono Boost)  
  55  4:13  Probe (Chrono Boost)  
  55  4:15  Gateway  
  55  4:16  Probe (Chrono Boost)  
  57  4:17  Gateway  
  57  4:20  Assimilator  
  57  4:24  Probe (Chrono Boost), Assimilator, Phoenix  
  58  4:28  Probe (Chrono Boost)  
  61  4:34  Probe (Chrono Boost)  
  62  4:40  Probe (Chrono Boost)  
  62  4:41  Adept  
  62  4:45  Mothership Core (Chrono Boost), Phoenix  
  67  4:50  Pylon  
  67  4:52  Probe (Chrono Boost)  
  70  4:55  Probe (Chrono Boost)  
  71  5:01  Pylon  
  71  5:03  Probe (Chrono Boost)  
  71  5:04  Probe (Chrono Boost)  
  71  5:05  Probe (Chrono Boost)  
  74  5:07  Phoenix  
  74  5:12  Twilight Council, Forge  
  77  5:14  Probe (Chrono Boost)  
  77  5:16  Probe x2 (Chrono Boost)  
  79  5:24  Probe (Chrono Boost)  
  79  5:26  Probe (Chrono Boost)  
  82  5:28  Probe (Chrono Boost)  
  82  5:29  Pylon, Phoenix  
  82  5:31  Sentry, Protoss Ground Weapons Level 1  
  82  5:35  Probe (Chrono Boost)  
  87  5:37  Probe (Chrono Boost), Resonating Glaives  
  87  5:38  Pylon  
  88  5:43  Pylon  
  88  5:45  Gateway  
  88  5:48  Gateway x2  
  88  5:51  Pylon  
  88  5:56  Phoenix  
  90  6:10  Adept x3  
  93  6:14  Robotics Facility  
  93  6:21  Phoenix  
  93  6:23  Probe (Chrono Boost)  
  93  6:25  Probe x2 (Chrono Boost)  
  98  6:31  Gateway, Nexus  
  98  6:33  Gateway  
  98  6:34  Probe (Chrono Boost), Pylon  
  98  6:37  Probe x2 (Chrono Boost)  
  101  6:44  Probe (Chrono Boost), Adept x2  
  101  6:46  Phoenix  
  108  6:48  Pylon  
  108  6:53  Gateway  
  108  6:55  Gateway  
  108  6:57  Warp Prism  
  107  7:08  Adept x2  
  107  7:09  Adept x4  
  107  7:11  Phoenix  
  107  7:14  Protoss Air Weapons Level 1  
  121  7:17  Pylon  
  121  7:25  Photon Cannon  
  121  7:29  Adept x2  
  125  7:30  Adept x2  
  125  7:31  Protoss Ground Armor Level 1, Observer  
  125  7:36  Phoenix  
  132  7:37  Adept x3  
  138  7:49  Forge  
  138  7:55  Adept x5  
  138  7:58  Adept x2  
  152  8:18  Adept  
  152  8:19  Adept  
  152  8:20  Adept x4  
  152  8:21  Adept  
  152  8:22  Adept x2  
  150  8:29  Pylon  
  150  8:30  Warp Prism, Pylon  
  140  8:36  Adept x3  
  140  8:37  Adept  
  140  8:54  Adept  
  140  8:55  Adept x5  
  140  8:57  Stalker  
  140  8:58  Stalker  
  140  9:16  Protoss Ground Armor Level 2  
  134  9:18  Phoenix  
  136  9:30  Probe (Chrono Boost), Adept x6  
  136  9:31  Adept x3  
  147  9:33  Probe x2 (Chrono Boost)  
  147  9:36  Probe (Chrono Boost)  
  140  9:41  Warp Prism, Assimilator x2  
  140  9:42  Probe (Chrono Boost), Protoss Ground Weapons Level 2  
  132  9:45  Probe (Chrono Boost)  
  132  9:49  Gateway x2  
  132  9:52  Gateway  
  134  9:55  Gateway  
  132  10:04  Blink  
  122  10:07  Adept x3  
  122  10:08  Adept x7  
  122  10:11  Assimilator  
  122  10:12  Assimilator  
  138  10:21  Observer, Nexus  
  138  10:24  Nexus  
  141  10:29  Probe x2 (Chrono Boost)  
  141  10:36  Robotics Facility  
  141  10:40  Robotics Bay  
  141  10:48  Adept  
  141  10:49  Adept x6  
  153  10:50  Adept x2  
  153  10:54  Pylon  
  157  10:57  Photon Cannon  
  157  11:02  Stalker x3  
  157  11:03  Stalker  
  164  11:08  Observer  
  155  11:22  Colossus, Protoss Ground Armor Level 3  
  131  11:29  Colossus  
  146  11:32  Pylon  
  146  11:33  Probe (Chrono Boost)  
  146  11:34  Probe x2 (Chrono Boost)  
  146  11:36  Probe x2 (Chrono Boost)  
  148  11:42  Pylon  
  148  11:46  Probe (Chrono Boost)  
  149  11:47  Adept x3  
  149  11:51  Pylon  
  149  11:54  Photon Cannon  
  155  12:00  Adept x7  
  155  12:01  Adept x4  
  177  12:14  Colossus  
  177  12:15  Assimilator  
  177  12:17  Adept x3  
  177  12:19  Assimilator  
  189  12:23  Colossus  
  189  12:26  Adept x2  
  195  12:30  Pylon  
  181  12:47  Adept  
  181  12:48  Adept x8  
  181  12:49  Adept  
  195  13:00  Colossus  
  195  13:04  Pylon  
  191  13:09  Photon Cannon  
  173  13:14  Adept x4  
  173  13:16  Stalker  
  173  13:17  Photon Cannon, Stalker x6  
  181  13:43  Stalker x3  
  181  13:44  Stalker x5  
  181  13:47  Nexus  
  198  13:50  Adept  
Tags
 
Add a new tag
Caveats
  • Supply blocks, unpowered buildings, or Contaminate may cause inaccurate times.
  • Supply counts are checked every 10 seconds.